 Dungeon Crawl Stone Soup version 0.21.1-1-g345015fe64 (webtiles) character file.

434 Faustar the Cudgeler (level 7, -1/44 HPs)
             Began as a Gargoyle Gladiator on Feb 6, 2018.
             Slain by a crocodile (13 damage)
             ... in a sewer.
             The game lasted 00:06:10 (3365 turns).

Faustar the Cudgeler (Gargoyle Gladiator)           Turns: 3365, Time: 00:06:11

Health: -1/44      AC: 11    Str: 19    XL:     7   Next: 0%
Magic:  7/7        EV: 11    Int:  9    God:
Gold:   215        SH:  0    Dex: 11    Spells: 6/6 levels left

rFire    . . .     SeeInvis .   a - +0 flail
rCold    . . .     Gourm    .   (no shield)
rNeg     + . .     Faith    .   m - +0 ring mail
rPois    ∞         Spirit   .   h - +0 helmet (curse)
rElec    +         Reflect  .   s - +0 cloak
rCorr    .         Harm     .   (no gloves)
MR       .....                  (no boots)
Stlth    +.........             (no amulet)
HPRegen  0.14/turn              (no ring)
MPRegen  0.10/turn              (no ring)

@: no status effects
A: negative energy resistance 1, electricity resistance, unbreathing,
petrification resistance, rot immunity, AC +4
a: no special abilities


You were in a sewer.
You were hungry.

You visited 1 branch of the dungeon, and saw 4 of its levels.
You also visited: Sewer.

You collected 215 gold pieces.

Inventory:

Hand Weapons
 a - a +0 flail (weapon)
Armour
 c - a +0 helmet
 h - a cursed +0 helmet (worn)
 m - a +0 ring mail (worn)
 s - a +0 cloak (worn)
Jewellery
 j - a +4 ring of evasion {unknown}
 o - an uncursed ring of resist corrosion {unknown}
Scrolls
 b - a scroll of fear {unknown}
 d - 3 scrolls of enchant weapon {unknown}
 e - a scroll of amnesia {unknown}
 g - 2 scrolls of remove curse {unknown}
 i - 5 scrolls of teleportation {unknown}
 k - 2 scrolls of identify {unknown}
 n - 3 scrolls of immolation {unknown}
Potions
 l - a potion of heal wounds {unknown}
 p - a potion of mutation {unknown}
 r - a potion of degeneration {unknown}
 t - 2 potions of flight {unknown}
Books
 q - a book of Changes

   Spells                             Type                      Level
   a - Beastly Appendage              Transmutation                1
   b - Sticks to Snakes               Transmutation                2
   c - Spider Form                    Transmutation/Poison         3
   d - Ice Form                       Ice/Transmutation            4
   e - Blade Hands                    Transmutation                5
Comestibles
 f - 11 rations


   Skills:
 + Level 5.0 Fighting
 - Level 6.4 Maces & Flails
 - Level 1.7 Throwing
 - Level 2.4 Dodging


You had 6 spell levels left.
You didn't know any spells.

Dungeon Overview and Level Annotations

Branches:
Dungeon (4/15)
 Temple: D:4-7

Altars:
Fedhas
Gozag


Innate Abilities, Weirdness & Mutations

You are resistant to torment.
Your stone body is resilient. (AC +4)
You are immune to poison.
You resist negative energy. (rN+)
You are resistant to electric shocks. (rElec)
You can survive without breathing.
You are immune to petrification.
You are immune to rotting.


Message History

The crocodile is moderately wounded.
The crocodile closely misses you.
The crocodile bites you but does no damage.
You barely miss the crocodile.
The crocodile is moderately wounded.
The crocodile bites you but does no damage.
You barely miss the crocodile.
The crocodile is moderately wounded.
The crocodile bites you but does no damage.
You closely miss the crocodile.
The crocodile is moderately wounded.
The crocodile bites you.
You completely miss the crocodile.
The crocodile is moderately wounded.
The crocodile bites you.
* * * LOW HITPOINT WARNING * * *
You hit the crocodile.
The crocodile is heavily wounded.
The crocodile bites you!
You die...

######## ###......###
###.≈.≈..≈...###
###.≈.≈≈####...@≈##.(#
##.≈.≈.### ###≈≈t..#
≈..≈.≈## ##≈...≈.#
##...≈.# .≈.≈.###
###..≈≈.# ....##.[
###.≈..≈ ...### %$#
##.≈. ≈.## ## ######


You could see a crocodile.

Vanquished Creatures
  The ghost of khargal the Changer, an amateur DrTm (D:3)
  3 orc wizards
  An iguana (D:4)
  2 river rats (D:4)
  9 adders
  3 worms
  3 dart slugs
  10 orcs
  12 bats
  A giant cockroach (D:1)
  6 hobgoblins
  4 jackals
  8 kobolds
  A quokka (D:3)
  2 ball pythons
  11 frilled lizards
  5 goblins
  6 rats
88 creatures vanquished.

Notes
Turn   | Place    | Note
-------+----------+-------------------------------------------
     0 | D:1      | Faustar the Gargoyle Gladiator began the quest for the Orb.
     0 | D:1      | Reached XP level 1. HP: 12/12 MP: 1/1
    53 | D:1      | Reached XP level 2. HP: 7/17 MP: 2/2
   549 | D:1      | Reached skill level 4 in Maces & Flails
   728 | D:1      | Reached XP level 3. HP: 21/21 MP: 3/3
  1011 | D:2      | Found an opulent altar of Gozag.
  1180 | D:2      | Found a blossoming altar of Fedhas.
  1528 | D:3      | Noticed khargal's ghost (amateur DrTm)
  1656 | D:2      | Reached skill level 5 in Maces & Flails
  1656 | D:2      | Reached XP level 4. HP: 18/26 MP: 4/4
  1840 | D:3      | Killed khargal's ghost
  1840 | D:3      | Reached skill level 6 in Maces & Flails
  1840 | D:3      | Reached XP level 5. HP: 4/30 MP: 5/5
  1938 | D:3      | Reached XP level 6. HP: 12/36 MP: 6/6
  3092 | D:4      | Found a glowing drain.
  3102 | Sewer    | Entered a sewer
  3299 | Sewer    | Reached XP level 7. HP: 42/44 MP: 7/7
  3302 | Sewer    | Reached skill level 5 in Fighting
  3365 | Sewer    | Slain by a crocodile

Skill      XL: |  1  2  3  4  5  6  7 |
---------------+----------------------+-----
Maces & Flails | 4 5 6 |  6.4
Fighting       | 4 5 |  5.0
Throwing       | |  1.7
Dodging        | |  2.4

Action                   |  1- 3 |  4- 6 |  7- 9 || total
-------------------------+-------+-------+-------++-------
Melee: Flail             |   135 |   237 |    20 ||   392
  Use: Scroll            |       |     1 |       ||     1
  Eat: Chunk             |     2 |     6 |       ||     8
Armor: Leather armour    |    15 |       |       ||    15
       Ring mail         |    52 |   155 |     9 ||   216
Dodge: Dodged            |    92 |   220 |     6 ||   318
